[Event "Team 45 45 League T61"]
[Site "Internet Chess Club"]
[Date "2014.06.12"]
[Round "2"]
[White "wildkingdumb"]
[Black "LittleButton"]
[Result "0-1"]
[WhiteElo "1624"]
[BlackElo "1907"]
[Opening "Sicilian: dragon, classical attack"]
[ECO "B72"]
[Time "13:07:20"]
[TimeControl "2700+45"]

1. e4 c5 2. Nf3 d6 3. d4 cxd4 4. Nxd4 Nf6 5. Nc3 g6 6. Be3 Bg7 7. Be2 O-O 8. f4
Nc6 9. Nb3 a5 10. a4 Be6 11. O-O Rc8 12. f5 Bd7 13. g4 Ne5 14. g5 Rxc3 15. bxc3
Nxe4 16. fxg6 hxg6 17. Bd4 Nxg5 18. Qd2 Nh3+ 19. Kg2 Qc8 20. Bxe5 Bxe5 21. Qe3
Qxc3 22. Qxc3 Bxc3 23. Rad1 Ng5 24. Rd3 Rc8 25. h4 Ne6 26. Bg4 Be5 27. Bxe6 Bxe6
28. Rf2 Bf5 29. Rdd2 Be4+ 30. Kf1 b6 31. Rfe2 Bb7 32. Nd4 Bxd4 33. Rxe7 Ba6+ 34.
Kg2 Be5 35. Rf2 Bc4 36. Kh3 Be6+ 37. Kg2 Rc4 38. Re8+ Kg7 39. Rb8 Bd4 40. Rd2
Bc5 41. h5 gxh5 42. Kf3 {White resigns} 0-1

[Event "Team 45 45 League T61"]
[Site "Internet Chess Club"]
[Date "2014.06.14"]
[Round "2"]
[White "Schachteufel"]
[Black "justice02"]
[Result "0-1"]
[WhiteElo "1556"]
[BlackElo "1780"]
[Opening "French: Winawer, advance variation"]
[ECO "C18"]
[Time "09:00:37"]
[TimeControl "2700+45"]

1. e4 e6 2. d4 d5 3. Nc3 Bb4 4. e5 c5 5. a3 Bxc3+ 6. bxc3 Nc6 7. Qg4 Nge7 8.
Qxg7 Rg8 9. Qxh7 cxd4 10. Nf3 Qc7 11. Bf4 Bd7 12. Qd3 Rg4 13. Bg3 Nf5 14. Qe2
Re4 {White resigns} 0-1

[Event "Team 45 45 League T61"]
[Site "Internet Chess Club"]
[Date "2014.06.06"]
[Round "2"]
[White "fishhead"]
[Black "pokerram"]
[Result "1-0"]
[WhiteElo "1891"]
[BlackElo "1629"]
[Opening "Sicilian: Najdorf, 7...Be7"]
[ECO "B98"]
[Time "14:00:31"]
[TimeControl "2700+45"]

1. e4 c5 2. Nf3 d6 3. d4 cxd4 4. Nxd4 Nf6 5. Nc3 a6 6. Bg5 e6 7. f4 Be7 8. Qf3
h6 9. Qh3 Qb6 10. O-O-O O-O 11. Bh4 Nc6 12. Nxc6 Qxc6 13. e5 dxe5 14. fxe5 g5
15. exf6 Bxf6 16. Be1 Bg7 17. Qf3 Qc5 18. h4 Rb8 19. hxg5 Qxg5+ 20. Bd2 Qg6 21.
Bd3 f5 22. Qh5 Rf6 23. Bf4 Qxh5 24. Rxh5 Ra8 25. Bc4 b5 26. Rd8+ Kf7 27. Bb3 Kg6
28. Rh2 h5 29. Be5 Rf8 30. Rxf8 Bxf8 31. g3 Bh6+ 32. Kd1 Bb7 33. Ke2 Rd8 34. Bf4
Bg7 35. Nd1 e5 36. Be3 a5 37. c3 a4 38. Bc2 e4 39. Bc5 Be5 40. Rg2 Kf6 41. Ne3
Ba6 42. Bb4 Bb7 43. Rf2 Bc8 44. Nxf5 Bxf5 45. Bxe4 Bxg3 46. Rxf5+ Ke6 47. Rxh5
Bf4 48. Rxb5 Rd2+ 49. Kf3 Be5 50. Ba3 Rd1 51. Rb6+ Kd7 52. Bc2 Rf1+ 53. Ke2 Rf4
54. Rb4 Rf6 55. Bxa4+ Kc7 56. Re4 Bd6 57. Bxd6+ Rxd6 {Black resigns} 1-0

[Event "Team 45 45 League T61"]
[Site "Internet Chess Club"]
[Date "2014.06.07"]
[Round "2"]
[White "RamRock"]
[Black "chess9397"]
[Result "0-1"]
[WhiteElo "1711"]
[BlackElo "1731"]
[Opening "Ruy Lopez: Treybal (Bayreuth) variation (exchange var. deferred)"]
[ECO "C77"]
[Time "12:05:39"]
[TimeControl "2700+45"]

1. e4 e5 2. Nf3 Nc6 3. Bb5 a6 4. Ba4 Nf6 5. Bxc6 dxc6 6. d3 Bc5 7. Nbd2 Ng4 8.
O-O Qe7 9. Nc4 Be6 10. Ncxe5 Nxe5 11. Nxe5 Bd6 12. Nf3 Bg4 13. h3 Bd7 14. Bd2 f6
15. Qe2 O-O-O 16. c3 Rde8 17. Nh2 g5 18. f4 h5 19. fxg5 fxg5 20. Be1 g4 21. h4
g3 22. Nf3 Bg4 23. Qe3 Rhf8 24. e5 Bxf3 25. Rxf3 Rxf3 26. Qxf3 Qxe5 27. Bd2 Rf8
28. Qe3 Qf6 29. Re1 Qxh4 30. Qe6+ Kd8 31. Qh3 Qxh3 32. gxh3 Rf2 33. Bc1 Rh2 34.
h4 Kd7 35. Re4 Be7 36. Bg5 Bd6 37. b4 Rxa2 38. Bf4 Ra3 39. Bxd6 cxd6 40. Kg2
Rxc3 41. Kxg3 Rxd3+ 42. Kf4 Rd5 43. Rc4 c5 44. Ke4 Rd4+ 45. Rxd4 cxd4 46. Kxd4
Kc6 47. Kc4 d5+ 48. Kd4 Kb5 49. Kxd5 Kxb4 {White resigns} 0-1

[Event "Team 45 45 League T61"]
[Site "Internet Chess Club"]
[Date "2014.06.07"]
[Round "2"]
[White "DouDou"]
[Black "hewdondada"]
[Result "1-0"]
[WhiteElo "1748"]
[BlackElo "1746"]
[Opening "Sicilian: dragon, Yugoslav attack"]
[ECO "B75"]
[Time "12:00:30"]
[TimeControl "2700+45"]

1. e4 c5 2. Nf3 d6 3. d4 cxd4 4. Nxd4 Nf6 5. Nc3 g6 6. Be3 Bg7 7. f3 a6 8. Qd2
Nbd7 9. O-O-O b5 10. a3 Bb7 11. g4 Nb6 12. h4 h5 13. gxh5 Nxh5 14. Qf2 Nc4 15.
Bxc4 bxc4 16. Nd5 Bxd5 17. exd5 Qb6 18. c3 Qb7 19. Nc6 Nf6 20. Qd2 Rc8 21. Bg5
Nxd5 22. Na5 Qb5 23. Qxd5 Qxd5 24. Rxd5 Be5 25. Be3 e6 26. Rdd1 d5 27. Bd4 Bxd4
28. cxd4 Kd7 29. Nb7 Kc6 30. Nc5 Kb5 31. Nd7 Rh5 32. Ne5 Rf5 33. Rdf1 Rf4 34. h5
gxh5 35. Rxh5 Ka4 36. Rh7 Rc7 37. Rg1 Rxd4 38. Rxf7 Rxf7 39. Nxf7 Rf4 40. Ng5
Kb3 41. Rg4 Rf5 42. Nxe6 Rxf3 43. Nd4+ {Black resigns} 1-0

[Event "Team 45 45 League T61"]
[Site "Internet Chess Club"]
[Date "2014.06.09"]
[Round "2"]
[White "hood"]
[Black "Beefstick"]
[Result "1/2-1/2"]
[WhiteElo "1964"]
[BlackElo "1768"]
[Opening "Scandinavian defense"]
[ECO "B01"]
[Time "18:19:04"]
[TimeControl "2700+45"]

1. e4 d5 2. exd5 Nf6 3. d4 c6 4. dxc6 e5 5. c7 Qxc7 6. dxe5 Qxe5+ 7. Qe2 Nc6 8.
Nf3 Qe7 9. Qxe7+ Bxe7 10. Bc4 Bf5 11. c3 O-O 12. O-O Bc5 13. Bf4 Rad8 14. Nbd2
a6 15. Rad1 b5 16. Bb3 a5 17. a4 b4 18. Ne5 Nxe5 19. Bxe5 Ng4 20. Bg3 bxc3 21.
bxc3 Rfe8 22. Nc4 Rd3 23. Rxd3 Bxd3 24. Rd1 Re2 25. Ne3 Nxe3 26. fxe3 Bxe3+ 27.
Kh1 Rd2 28. Rxd2 Bxd2 29. Kg1 Bxc3 30. Kf2 Kf8 31. Bf4 f5 32. Ke3 Be4 33. g3 h6
34. h4 Ke7 35. Bc4 Kd7 36. Bb5+ Bc6 37. Bxc6+ Kxc6 38. Kd3 Bf6 39. Kc4 g5 40.
hxg5 Bxg5 41. Be5 h5 42. Bc3 Kb6 43. Kd5 f4 44. Bd2 fxg3 45. Bxg5 g2 46. Be3+
Kc7 47. Kc5 h4 48. Kb5 Kd6 49. Kxa5 Ke5 50. Kb5 Ke4 51. Bg1 Kf3 52. a5 Ke2 53.
a6 Kf1 54. Bh2 g1=Q 55. Bxg1 Kxg1 56. a7 h3 57. a8=Q h2 58. Qg8+ Kh1 59. Qd5+
Kg1 60. Qd1+ Kg2 61. Qe2+ Kg1 62. Qe3+ Kg2 63. Qg5+ Kh1 64. Qf4 Kg2 65. Qg4+ Kh1
66. Qg5 {Black stalemated} 1/2-1/2

[Event "Team 45 45 League T61"]
[Site "Internet Chess Club"]
[Date "2014.06.08"]
[Round "2"]
[White "Electryon"]
[Black "LN09102Q"]
[Result "0-1"]
[WhiteElo "1485"]
[BlackElo "1555"]
[Opening "King's pawn game"]
[ECO "C20"]
[Time "12:02:42"]
[TimeControl "2700+45"]

1. e4 e5 2. c4 Nc6 3. g3 Nf6 4. Bg2 Bc5 5. Ne2 d6 6. Nbc3 Bg4 7. h3 Bh5 8. a3
O-O 9. b4 Bb6 10. Na4 Nd4 11. g4 Nxg4 12. Nxb6 Nxf2 13. Kxf2 Qh4+ 14. Ke3 Bxe2
15. Qxe2 Nxe2 16. Nxa8 Qg3+ 17. Bf3 Ng1 18. Rxg1 Qxg1+ 19. Ke2 Rxa8 20. Bb2 Qh2+
21. Ke3 Qxh3 22. Rh1 Qg3 23. d3 h6 24. Bc3 Qf4+ 25. Ke2 g6 26. Bd2 Qg3 27. Be1
Qg5 28. Bd2 Qf6 29. Rxh6 Kg7 30. Rh1 Rh8 31. Rxh8 Kxh8 32. Be3 b6 33. a4 Qh4 34.
Bf2 Qh3 35. a5 g5 36. axb6 axb6 37. c5 bxc5 38. bxc5 g4 {White resigns} 0-1

[Event "Team 45 45 League T61"]
[Site "Internet Chess Club"]
[Date "2014.06.06"]
[Round "2"]
[White "gz99754539"]
[Black "ChessMaine"]
[Result "1-0"]
[WhiteElo "1319"]
[BlackElo "1473"]
[Opening "French: Tarrasch"]
[ECO "C03"]
[Time "21:33:03"]
[TimeControl "2700+45"]

1. e4 e6 2. d4 d5 3. Nd2 dxe4 4. Nxe4 Bd7 5. Be2 Bc6 6. Bf3 Nf6 7. Ng3 Bxf3 8.
Nxf3 Nbd7 9. O-O Be7 10. Re1 O-O 11. Bg5 c5 12. c3 cxd4 13. cxd4 Nb6 14. h4 h6
15. Be3 Nfd5 16. Bd2 Bxh4 17. Nxh4 Qxh4 18. Re4 Qd8 19. Rg4 Nf6 20. Rf4 Nbd5 21.
Rh4 Rc8 22. Nh5 Nxh5 23. Qxh5 Qf6 24. Rg4 Rc2 25. Bxh6 Qxf2+ 26. Kh1 Nf6 27.
Rxg7+ Kh8 28. Qg5 Rg8 29. Rxg8+ Nxg8 30. Qg7# {Black checkmated} 1-0

[Event "Team 45 45 League T61"]
[Site "Internet Chess Club"]
[Date "2014.06.05"]
[Round "2"]
[White "seattleblues"]
[Black "browndeer"]
[Result "0-1"]
[WhiteElo "1410"]
[BlackElo "1541"]
[Opening "King's Indian: London system"]
[ECO "A48"]
[Time "22:04:30"]
[TimeControl "2700+45"]

1. d4 Nf6 2. Nf3 g6 3. Bf4 Bg7 4. e3 e6 5. Be2 Nc6 6. O-O O-O 7. c4 d5 8. Nc3 a6
9. a3 Qd7 10. h3 Nh5 11. Bh2 Nf6 12. c5 Qe7 13. b4 Na7 14. Ne5 Nd7 15. Nd3 Nf6
16. a4 c6 17. a5 Bd7 18. Nb2 Be8 19. Bd6 Qd7 20. Nba4 Nc8 21. Nb6 Nxb6 22. axb6
Qc8 23. Ra5 Bd7 24. Bxf8 Qxf8 25. Nb1 Ne4 26. Bf3 Nf6 27. Nd2 Qe7 28. Nb3 Qd8
29. Ra2 Qe8 30. Na5 Qc8 31. Re2 Rb8 32. Rfe1 Qd8 33. e4 h6 34. exd5 cxd5 35. Rb2
Bb5 36. Be2 Bd7 37. Qc1 Ne4 38. Qe3 Nf6 39. b5 axb5 40. Bxb5 Bxb5 41. Rxb5 Qd7
42. Reb1 Qe8 43. Qd3 Ne4 44. Rc1 Bxd4 45. Qxd4 Qxb5 46. Qe5 Qe8 47. Qc7 Nf6 48.
Nxb7 Rc8 49. Qd6 Ne4 50. Qe5 Qe7 51. c6 Nd2 52. Qd6 Qe8 53. Qd7 Nc4 54. Qxe8+
Rxe8 55. Rb1 Rc8 56. c7 Kf8 57. Nd6 Nxd6 58. b7 Nxb7 59. Rxb7 Ke8 60. Rb8 Kd7
{White resigns} 0-1

[Event "Team 45 45 League T61"]
[Site "Internet Chess Club"]
[Date "2014.06.08"]
[Round "2"]
[White "ArthurChenhd"]
[Black "Conjurer"]
[Result "0-1"]
[WhiteElo "1147"]
[BlackElo "1169"]
[Opening "Sicilian defense"]
[ECO "B32"]
[Time "13:10:34"]
[TimeControl "2700+45"]

1. e4 c5 2. Nf3 Nc6 3. d4 cxd4 4. Nxd4 a6 5. Be2 Nf6 6. Nc3 e5 7. Nb3 b5 8. Be3
Bb4 9. Nd2 O-O 10. O-O Bb7 11. a3 Be7 12. Nd5 Nxd5 13. exd5 Nd4 14. Bxd4 exd4
15. Nf3 Bxd5 16. Qxd4 Bb7 17. Bd3 Rc8 18. Qa7 Qc7 19. Qe3 Rfe8 20. Qd4 Bf6 21.
Qg4 Bxb2 22. Qh4 g6 23. Ng5 h5 24. Ra2 Bf6 25. g4 Bxg5 26. Qxh5 gxh5 {White
resigns} 0-1

[Event "Team 45 45 League T61"]
[Site "Internet Chess Club"]
[Date "2014.06.08"]
[Round "2"]
[White "oldsj"]
[Black "Mitochondria"]
[Result "1-0"]
[WhiteElo "1649"]
[BlackElo "1493"]
[Opening "French: exchange variation"]
[ECO "C01"]
[Time "13:03:52"]
[TimeControl "2700+45"]

1. e4 e6 2. d4 d5 3. exd5 exd5 4. c4 Nf6 5. Nc3 Be7 6. Nf3 O-O 7. cxd5 Nxd5 8.
Be2 Bg4 9. O-O Re8 10. h3 Be6 11. Nxd5 Bxd5 12. Be3 a6 13. Rc1 Nd7 14. Re1 Nf6
15. Ne5 Rc8 16. Bf3 c6 17. Bxd5 Nxd5 18. Qb3 Qc7 19. Bf4 Bd6 20. Bg3 f6 21. Ng4
Bxg3 22. Rxe8+ Rxe8 23. fxg3 Kh8 24. Qxd5 cxd5 25. Rxc7 h5 26. Nh2 Re1+ 27. Kf2
Rd1 28. Nf3 Ra1 29. Rxb7 Rxa2 30. Ke3 a5 31. Nh4 a4 32. Kf3 a3 33. bxa3 Rxa3+
34. Kf2 Ra2+ 35. Kg1 Ra3 36. Kh2 Kh7 37. Rd7 Ra5 38. Nf5 Kg6 39. Ne3 f5 40. Rxd5
Ra1 41. Rxf5 Re1 42. Rf3 Kh7 43. h4 g6 44. g4 hxg4 45. Nxg4 Rd1 46. d5 Kg7 47.
Ne3 Rd2 48. Kg3 Kg8 49. Kf4 Kg7 50. Ke5 {Black resigns} 1-0

[Event "Team 45 45 League T61"]
[Site "Internet Chess Club"]
[Date "2014.06.09"]
[Round "2"]
[White "Zyme"]
[Black "stanbeers"]
[Result "0-1"]
[WhiteElo "1380"]
[BlackElo "1520"]
[Opening "QGD: Lasker defense"]
[ECO "D56"]
[Time "20:01:07"]
[TimeControl "2700+45"]

1. d4 d5 2. c4 e6 3. Nc3 Be7 4. Nf3 Nf6 5. Bg5 h6 6. Bh4 O-O 7. e3 Ne4 8. Bxe7
Qxe7 9. Nxe4 dxe4 10. Nd2 f5 11. Be2 c5 12. Nb3 b6 13. dxc5 bxc5 14. O-O Bb7 15.
Qc2 Nc6 16. Rfd1 Rad8 17. a3 Ne5 18. Rxd8 Rxd8 19. Rd1 Rxd1+ 20. Qxd1 Ba6 21.
Nd2 Nd3 22. b3 Bb7 23. Bxd3 exd3 24. Nf3 Qd6 25. Ne1 d2 26. Nc2 Qd3 27. f3 Qxb3
28. Qxd2 Qxc4 29. Kf2 Ba6 30. Kg3 Kh7 31. Qa5 h5 32. Qd2 h4+ 33. Kh3 Bb5 34. Qf2
g5 35. f4 Kg6 36. fxg5 Qg4# {White checkmated} 0-1

[Event "Team 45 45 League T61"]
[Site "Internet Chess Club"]
[Date "2014.06.08"]
[Round "2"]
[White "unclevinny"]
[Black "AlPearson"]
[Result "1-0"]
[WhiteElo "1429"]
[BlackElo "1379"]
[Opening "Caro-Kann: classical variation"]
[ECO "B18"]
[Time "17:00:14"]
[TimeControl "2700+45"]

1. e4 c6 2. d4 d5 3. Nc3 dxe4 4. Nxe4 Bf5 5. Nc3 e6 6. a3 Nf6 7. Nf3 Nbd7 8. Bd3
Bxd3 9. Qxd3 Be7 10. O-O O-O 11. Be3 Qc7 12. h3 Rfd8 13. Qe2 Rac8 14. Rfd1 Nd5
15. Nxd5 cxd5 16. c3 Nb6 17. g3 Nc4 18. Bg5 h6 19. Bxe7 Qxe7 20. Rab1 b6 21. Nd2
Nxd2 22. Rxd2 Rc6 23. f4 Qf6 24. Kh2 Rb8 25. Rf1 Qd8 26. f5 b5 27. fxe6 Rxe6 28.
Qf3 f6 29. Re2 Rbb6 30. Rfe1 Qd7 31. Kg2 Rxe2+ 32. Rxe2 Re6 33. g4 Kf7 34. Rxe6
Qxe6 35. Kf2 g6 36. Qe3 f5 37. Qxh6 fxg4 38. Qf4+ Qf5 39. Qxf5+ gxf5 40. hxg4
Kf6 41. gxf5 Kxf5 42. Ke3 a5 43. b3 Ke6 44. a4 bxa4 45. bxa4 Kd6 46. Kf4 Ke6 47.
Kg5 Kd6 48. Kf5 Kc6 49. Ke5 Kd7 50. Kxd5 Kc7 51. c4 Kd7 52. c5 Kc7 53. Ke6 Kd8
54. d5 Ke8 55. d6 Kd8 56. c6 Kc8 57. Ke7 Kb8 58. d7 Kc7 59. d8=Q+ Kxc6 60. Qd6+
Kb7 61. Kd7 Ka7 62. Kc7 Ka8 63. Qa6# {Black checkmated} 1-0

[Event "Team 45 45 League T61"]
[Site "Internet Chess Club"]
[Date "2014.06.07"]
[Round "2"]
[White "chuckh2"]
[Black "JRussell2"]
[Result "1-0"]
[WhiteElo "1372"]
[BlackElo "1458"]
[Opening "Queen's bishop game"]
[ECO "D02"]
[Time "19:00:27"]
[TimeControl "2700+45"]

1. d4 d5 2. Nf3 Nf6 3. Bf4 h6 4. c4 c6 5. e3 Bf5 6. Nc3 e6 7. Qb3 Qb6 8. c5 Qxb3
9. axb3 Nbd7 10. Be2 Be7 11. O-O O-O 12. h3 b6 13. Ba6 bxc5 14. Bb7 Rad8 15. Bc7
Rde8 16. Rxa7 cxd4 17. exd4 c5 18. dxc5 Bxc5 19. Ra5 Bc2 20. Na4 Be7 21. Nd4 Be4
22. Nc6 Nb8 23. Nxe7+ Rxe7 24. Rc5 Rd7 25. Nb6 d4 26. Bxe4 Nxe4 27. Nxd7 Nxd7
28. Rcc1 Nd2 29. b4 Nxf1 30. Kxf1 Rc8 31. Ke1 e5 32. Kd2 f6 33. b5 Ra8 34. b6
Nb8 35. b7 Ra2 36. Kc2 Na6 37. Kb3 {Black resigns} 1-0

[Event "Team 45 45 League T61"]
[Site "Internet Chess Club"]
[Date "2014.06.08"]
[Round "2"]
[White "Egmont"]
[Black "room-matt"]
[Result "1/2-1/2"]
[WhiteElo "1808"]
[BlackElo "1836"]
[Opening "Queen's pawn: London system"]
[ECO "A45"]
[Time "03:03:21"]
[TimeControl "2700+45"]

1. d4 Nf6 2. Bf4 d5 3. e3 e6 4. Nf3 c5 5. c3 Nc6 6. Nbd2 Bd6 7. Bxd6 Qxd6 8. Bb5
a6 9. Bxc6+ Qxc6 10. Ne5 Qb5 11. Qb3 Qxb3 12. axb3 cxd4 13. exd4 Nd7 14. Nxd7
Bxd7 15. f4 Bb5 16. Kf2 O-O 17. g4 Rac8 18. h4 h6 19. h5 Rfe8 20. Rhe1 Rc7 21.
Re3 Rce7 22. Rae1 g6 23. hxg6 fxg6 24. Kg3 Kg7 25. Nf3 b6 26. Ne5 Rc8 27. Nf3
Rce8 28. Ne5 Rc8 {Game drawn by mutual agreement} 1/2-1/2

[Event "Team 45 45 League T61"]
[Site "Internet Chess Club"]
[Date "2014.06.06"]
[Round "2"]
[White "Kingofknights"]
[Black "rayngrant"]
[Result "0-1"]
[WhiteElo "1690"]
[BlackElo "1568"]
[Opening "Grünfeld: 5.e3"]
[ECO "D94"]
[Time "20:02:40"]
[TimeControl "2700+45"]

1. d4 Nf6 2. c4 g6 3. Nc3 d5 4. e3 Bg7 5. Nf3 c5 6. dxc5 Qa5 7. Qa4+ Qxa4 8.
Nxa4 Nc6 9. a3 Bf5 10. Nd4 Nxd4 11. exd4 O-O 12. Be3 Bc2 13. Nc3 Bb3 14. cxd5
Nxd5 15. Nxd5 Bxd5 16. b4 e5 17. Rd1 exd4 18. Bxd4 Rfe8+ 19. Be3 Bc3+ 20. Ke2
Bc6 21. Rd6 Be5 22. Rd2 f5 23. Kd1 Ba4+ 24. Kc1 Bc6 25. Bc4+ Kg7 26. Bd4 Bxd4
27. Rxd4 Bxg2 28. Rhd1 Bf3 29. R1d3 Re1+ 30. Kb2 Be4 31. Rd7+ Kh8 32. Rh3 h5 33.
Rg3 f4 34. Rg5 Re8 35. f3 Bf5 36. Rg2 Bxd7 37. Bf7 R8e2+ 38. Rxe2 Rxe2+ {White
resigns} 0-1

[Event "Team 45 45 League T61"]
[Site "Internet Chess Club"]
[Date "2014.06.06"]
[Round "2"]
[White "julesraider"]
[Black "tightfist"]
[Result "0-1"]
[WhiteElo "1561"]
[BlackElo "1577"]
[Opening "Queen's Indian accelerated"]
[ECO "A50"]
[Time "22:00:25"]
[TimeControl "2700+45"]

1. d4 Nf6 2. c4 b6 3. Nc3 Bb7 4. Qc2 e6 5. e4 Bb4 6. f3 Nc6 7. Be3 e5 8. dxe5
Nxe5 9. a3 Be7 10. Bd3 Nxd3+ 11. Qxd3 O-O 12. Nge2 d6 13. O-O Re8 14. Rfd1 c6
15. Nf4 Qc7 16. Rac1 Rad8 17. Qc2 Nd7 18. b4 Ne5 19. Qb3 Bg5 20. Nce2 Qe7 21. c5
dxc5 22. bxc5 b5 23. Rxd8 Rxd8 24. Rd1 Nc4 25. Bd4 Qc7 26. Nh3 Be7 27. f4 Qa5
28. Rd3 Qe1# {White checkmated} 0-1

[Event "Team 45 45 League T61"]
[Site "Internet Chess Club"]
[Date "2014.06.08"]
[Round "2"]
[White "chessnow"]
[Black "Longonjo"]
[Result "0-1"]
[WhiteElo "1559"]
[BlackElo "1597"]
[Opening "Caro-Kann: advance variation"]
[ECO "B12"]
[Time "13:00:22"]
[TimeControl "2700+45"]

1. e4 c6 2. d4 d5 3. e5 c5 4. dxc5 e6 5. Be3 Nh6 6. Bxh6 gxh6 7. Qd4 Qa5+ 8. b4
Nc6 9. Qb2 Qxb4+ 10. Qxb4 Nxb4 11. Bd3 Bxc5 12. Nf3 Bd7 13. Nc3 Rc8 14. Kd2 Bxf2
15. Rab1 Bc5 16. a3 Nxd3 17. cxd3 b6 18. a4 Ke7 19. Rhc1 Rhg8 20. g3 Rg4 21. a5
Bb4 22. axb6 axb6 23. d4 Rc4 24. Kd3 Rg8 25. Na2 Rxc1 26. Rxc1 Ba5 27. Nc3 Rc8
28. Na2 Rxc1 29. Nxc1 Bb5+ 30. Kc2 Ba4+ 31. Kb2 Bd1 32. Nh4 f6 33. Nd3 b5 34.
exf6+ Kxf6 35. Ng2 Bh5 36. Ngf4 Bg6 37. Ne5 Bd2 38. Nd7+ Kf5 39. Ne2 Ke4 40.
Nc5+ Kf3 41. Nf4 Bxf4 42. gxf4 Kxf4 43. Nxe6+ Ke3 44. Nc7 Kxd4 45. Nxb5+ Kc5 46.
Nc7 d4 47. Ne6+ Kc4 48. Kc1 Kd3 49. Kd1 Ke3 50. Nc5 d3 51. Nb3 Bf7 52. Na1 Bh5+
53. Ke1 d2+ 54. Kf1 d1=Q+ 55. Kg2 Qxa1 56. h4 Kf4 57. Kh3 Qa3+ 58. Kg2 Qg3+ 59.
Kf1 Qh2 60. Ke1 Ke3 61. Kf1 Qh1# {White checkmated} 0-1

[Event "Team 45 45 League T61"]
[Site "Internet Chess Club"]
[Date "2014.06.06"]
[Round "2"]
[White "Salvatore"]
[Black "arnav07"]
[Result "1-0"]
[WhiteElo "1549"]
[BlackElo "1403"]
[Opening "Trompowsky attack (Ruth, Opocenský opening)"]
[ECO "A45"]
[Time "22:00:10"]
[TimeControl "2700+45"]

1. d4 Nf6 2. Bg5 g6 3. Bxf6 exf6 4. e3 Bg7 5. g3 Nc6 6. Bg2 O-O 7. Ne2 Re8 8.
O-O d6 9. Qc1 Bf5 10. a3 Qe7 11. Nd2 Bg4 12. Re1 Rad8 13. c4 Bh6 14. Nc3 g5 15.
Nd5 Qd7 16. Nxf6+ Kf8 17. Nxd7+ Rxd7 18. b4 Ne7 19. Ne4 Kg7 20. Qc3 f6 21. d5 c6
22. Qxf6+ Kg8 23. Qxh6 Bf5 24. Nf6+ Kf7 25. Nxd7 Bxd7 26. Qxh7+ Kf8 27. Qh6+ Kf7
28. Qxg5 Ng6 29. dxc6 bxc6 30. Rad1 Re6 31. Bh3 Re5 32. Qd8 Bxh3 33. Qxd6 Re6
34. Qd7+ Ne7 35. Qxa7 Kf6 36. Qd4+ Re5 37. Qh4+ {Black resigns} 1-0

[Event "Team 45 45 League T61"]
[Site "Internet Chess Club"]
[Date "2014.06.07"]
[Round "2"]
[White "almond123"]
[Black "Invicta-Knight"]
[Result "0-1"]
[WhiteElo "1418"]
[BlackElo "1460"]
[Opening "Scandinavian: Pytel-Wade variation"]
[ECO "B01"]
[Time "11:03:40"]
[TimeControl "2700+45"]

1. e4 d5 2. exd5 Qxd5 3. Nc3 Qd6 4. Bc4 e5 5. d3 a6 6. Nf3 Nf6 7. h3 Nc6 8. O-O
b5 9. Bb3 Bb7 10. Re1 Be7 11. Be3 O-O 12. Nd2 Na5 13. Qe2 Nxb3 14. Nxb3 b4 15.
Nd1 Nd5 16. Bd2 Qc6 17. Rc1 Bd6 18. Ne3 Nxe3 19. f3 Nf5 20. Na5 Qb6+ 21. Qf2
Qxa5 22. a3 Bc5 23. Be3 Bxe3 24. Rxe3 Nxe3 25. axb4 Qb6 26. Kh2 Ng4+ {White
resigns} 0-1

[Event "Team 45 45 League T61"]
[Site "Internet Chess Club"]
[Date "2014.06.08"]
[Round "2"]
[White "SilentKnight"]
[Black "crazyhorses"]
[Result "1-0"]
[WhiteElo "1624"]
[BlackElo "1412"]
[Opening "QGA: 3.e4"]
[ECO "D20"]
[Time "13:01:16"]
[TimeControl "2700+45"]

1. d4 d5 2. c4 dxc4 3. e4 e5 4. d5 c6 5. Bxc4 Bb4+ 6. Nc3 Qa5 7. Qb3 b5 8. Bd3
Bb7 9. Bd2 Nd7 10. dxc6 Bxc6 11. Nf3 Nc5 12. Qc2 f6 13. O-O Rd8 14. a3 Nxd3 15.
axb4 Qb6 16. Be3 Qb7 17. Rxa7 Qb8 18. Rd1 Ne7 19. Rxd3 O-O 20. Rxe7 {Black
resigns} 1-0

[Event "Team 45 45 League T61"]
[Site "Internet Chess Club"]
[Date "2014.06.08"]
[Round "2"]
[White "caglar"]
[Black "JeffH"]
[Result "0-1"]
[WhiteElo "1569"]
[BlackElo "1706"]
[Opening "Pirc: Byrne variation"]
[ECO "B07"]
[Time "10:00:39"]
[TimeControl "2700+45"]

1. e4 d6 2. d4 Nf6 3. Nc3 g6 4. Bg5 Bg7 5. Qd2 h6 6. Bh4 O-O 7. f4 e5 8. dxe5
Nxe4 9. Bxd8 Nxd2 10. Bxc7 Nxf1 11. Kxf1 dxe5 12. Bxe5 Bxe5 13. fxe5 Nc6 14. Nf3
Bg4 15. Kf2 Bxf3 16. gxf3 Nxe5 17. Rhe1 Nc6 18. Nd5 Rad8 19. Ne7+ Nxe7 20. Rxe7
Rfe8 21. Rae1 Rd2+ 22. Kg3 Rc8 23. Rxb7 Rcxc2 24. Rxa7 g5 25. Kg4 Rxb2 26. a4
Rxh2 27. Re8+ Kg7 28. Ree7 Kg6 29. Ra6+ f6 30. f4 h5+ 31. Kf3 Rh3+ 32. Ke4 Rh4
33. Raa7 Rxf4+ 34. Kd5 Ra2 35. a5 Rf5+ 36. Ke6 Re5+ 37. Kd6 Rxe7 38. Kxe7 h4 39.
a6 h3 40. Ra8 h2 41. Rh8 g4 42. a7 Rxa7+ 43. Ke6 g3 44. Rg8+ Kh7 45. Rxg3 h1=Q
46. Kf5 Qf1+ {White resigns} 0-1

[Event "Team 45 45 League T61"]
[Site "Internet Chess Club"]
[Date "2014.06.06"]
[Round "2"]
[White "zugknightly"]
[Black "Portola"]
[Result "1/2-1/2"]
[WhiteElo "1819"]
[BlackElo "1850"]
[Opening "English: Neo-Catalan declined"]
[ECO "A14"]
[Time "19:03:42"]
[TimeControl "2700+45"]

1. c4 e6 2. g3 d5 3. Bg2 Nf6 4. Nf3 Be7 5. O-O O-O 6. Qc2 c5 7. d4 cxd4 8. Nxd4
Nc6 9. Nxc6 bxc6 10. Rd1 Qb6 11. b3 Bb7 12. e3 Rad8 13. Bb2 dxc4 14. Rxd8 Rxd8
15. bxc4 c5 16. Bxb7 Qxb7 17. Nc3 Qf3 18. Rd1 Rxd1+ 19. Qxd1 Qxd1+ 20. Nxd1 Ne4
21. Bc1 Nd6 22. Nb2 Bf6 23. Na4 Nxc4 24. Nxc5 Be7 25. Nb3 Bb4 26. Kf1 e5 27. f3
f5 28. Ke2 Kf7 29. Kd3 Nb6 30. Nd2 Ke6 31. Nc4 Nd7 32. Bb2 {Game drawn by mutual
agreement} 1/2-1/2

[Event "Team 45 45 League T61"]
[Site "Internet Chess Club"]
[Date "2014.06.07"]
[Round "2"]
[White "MetaGod"]
[Black "Signalman"]
[Result "0-1"]
[WhiteElo "1574"]
[BlackElo "1724"]
[Opening "French: advance variation"]
[ECO "C02"]
[Time "03:12:48"]
[TimeControl "2700+45"]

1. e4 e6 2. d4 d5 3. e5 c5 4. c3 Qb6 5. f4 Bd7 6. Na3 cxd4 7. cxd4 Bxa3 8. bxa3
Qa5+ 9. Bd2 Qxa3 10. Nf3 Qa4 11. Qb1 b5 12. Bb4 Nh6 13. Bd3 a5 14. Bd6 Na6 15.
O-O Nb4 16. Be2 Nf5 17. Qb2 Qc2 18. Qa3 Qxe2 19. Bxb4 Qe3+ 20. Qxe3 Nxe3 21. Bd6
Nxf1 22. Rxf1 Rc8 23. Rd1 b4 24. Rb1 Bb5 25. Nd2 Bd3 26. Rd1 Bc4 27. Nb3 Bxb3
28. axb3 Rc3 29. Ra1 Rxb3 30. Rxa5 Kd7 31. Ra7+ Kc6 32. Rxf7 Ra8 33. h4 Rb1+ 34.
Kh2 b3 35. Re7 b2 36. Rxe6 Rh1+ 37. Kxh1 b1=Q+ 38. Kh2 Qf5 39. Re7 Qxf4+ 40. Kg1
Ra1# {White checkmated} 0-1

[Event "Team 45 45 League T61"]
[Site "Internet Chess Club"]
[Date "2014.06.07"]
[Round "2"]
[White "evan7284"]
[Black "jcule"]
[Result "1-0"]
[WhiteElo "1577"]
[BlackElo "1477"]
[Opening "Queen's pawn game"]
[ECO "D02"]
[Time "12:02:35"]
[TimeControl "2700+45"]

1. d4 d5 2. Nf3 e6 3. Bg5 Nf6 4. Nbd2 Be7 5. e3 h6 6. Bh4 Ne4 7. Bxe7 Qxe7 8.
Bd3 f5 9. Ne5 Nd7 10. Qh5+ g6 11. Qxg6+ Kf8 12. Ndf3 Qf6 13. Nxd7+ Bxd7 14. Ne5
Rg8 15. Nxd7+ Ke7 16. Qxf6+ Nxf6 17. Nxf6 Kxf6 18. g3 Rac8 19. Rc1 c6 20. c4
dxc4 21. Rxc4 a6 22. Kd2 Rcd8 23. Rc5 Rd7 24. Re5 b6 25. Bc4 Re8 26. b4 a5 27.
bxa5 c5 28. Bb5 cxd4 29. Bxd7 Rd8 30. Rxe6+ Kf7 31. Rxh6 Rxd7 32. Rh7+ Ke6 33.
Rxd7 Kxd7 34. axb6 {Black resigns} 1-0